 Dungeon Crawl Stone Soup version 0.28.0-53-g5a82cb258f (webtiles) character file.

Game seed: 801395728043775876

28 plasma188 the Skirmisher (level 3, 0/33 HPs)
             Began as a Hill Orc Fighter on May 24, 2022.
             Was a Follower of Vehumet.
             Slain by Terence
             ... wielding a +1 vorpal trident
              (2 damage)
             ... on level 2 of the Dungeon.
             The game lasted 00:10:31 (789 turns).

plasma188 the Skirmisher (Hill Orc Fighter)          Turns: 789, Time: 00:10:31

Health: 0/33       AC:  7    Str: 20    XL:     3   Next: 12%
Magic:  3/3        EV:  9    Int:  8    God:    Vehumet [*.....]
Gold:   27         SH:  4    Dex: 10    Spells: 2/2 levels left

rFire   . . .      SeeInvis .   a - +0 war axe
rCold   . . .      Faith    .   c - +0 buckler
rNeg    . . .      Spirit   .   b - +0 scale mail
rPois   .          Reflect  .   (no helmet)
rElec   .          Harm     .   (no cloak)
rCorr   .          Rampage  .   (no gloves)
Will    .....                   (no boots)
Stlth   ..........              (no amulet)
HPRegen 0.11/turn               (no ring)
MPRegen 0.08/turn               (no ring)

@: mighty
A: no striking features
a: Renounce Religion


You were on level 2 of the Dungeon.
You worshipped Vehumet.
Vehumet was aware of your devotion.
You visited 1 branch of the dungeon, and saw 2 of its levels.

You collected 27 gold pieces.

Inventory:

Hand Weapons
 a - a +0 war axe (weapon)
Missiles
 i - 5 javelins (quivered)
Armour
 b - a +0 scale mail (worn)
 c - a +0 buckler (worn)
 h - a +0 ring mail
Scrolls
 e - a scroll of identify {unknown}
 f - 2 scrolls of teleportation {unknown}
 k - a scroll of enchant weapon {unknown}
Potions
 g - a potion of brilliance {unknown}
 j - a potion of attraction {unknown}


   Skills:
 + Level 3.9 Fighting
 + Level 2.9 Axes
 + Level 3.7 Armour
 - Level 0.5 Dodging
 + Level 0.1 Stealth
 + Level 3.6 Shields


You had 2 spell levels left.
You didn't know any spells.
Your spell library contained the following spells:

 Spells                   Type           Power      Damage    Failure   Level
 Shock                    Conj/Air       0%         1d3       85%         1
 Sting                    Tmut/Pois      0%         1d3       85%         1
 Stone Arrow              Conj/Erth      0%         3d7       99%         3
 Animate Armour           Summ/Erth      0%         N/A       100%        4
 Lehudib's Crystal Spear  Conj/Erth      0%         10d2      100%        8


Dungeon Overview and Level Annotations

Branches:
Dungeon (2/15)

Altars:
Vehumet

Annotations:
D:2 Terence


Message History

You kill the ball python!
Vehumet accepts your kill.
You hit the endoplasm but do no damage.
The endoplasm hits you but does no damage.
You completely miss the endoplasm. You block the endoplasm's attack.
You barely miss the endoplasm. The endoplasm barely misses you.
You block the endoplasm's attack.
You barely miss the endoplasm.
The endoplasm hits you but does no damage.
You hit the endoplasm.
The endoplasm is moderately wounded.
The endoplasm closely misses you. The endoplasm freezes you.
You are frozen.
You barely miss the endoplasm.
The endoplasm is moderately wounded.
The endoplasm hits you but does no damage.
You hit the endoplasm.
The endoplasm is heavily wounded.
The endoplasm hits you but does no damage.
You hit the endoplasm.
You kill the endoplasm!
Vehumet accepts your kill.
Terence the Incautious comes into view.
He is wielding a +1 vorpal trident.
k - a scroll labelled ZIUDUQIEDI
There are no items here.
Terence is nearby!
Terence hits you with a +1 vorpal trident.
You hit Terence.
Terence is moderately wounded.
Terence hits you with a +1 vorpal trident!
* * * LOW HITPOINT WARNING * * *
You feel very mighty all of a sudden.
Terence says, "Don't bother to defend, it's useless."
Terence barely misses you.
You closely miss Terence.
Terence is moderately wounded.
Terence hits you with a +1 vorpal trident!
* * * LOW HITPOINT WARNING * * *
You die...

.. .. .# ...
#####.#.$.
#######^....#.#
..............#
...........:.#
.............#
.....)...@#
......†..@##
.......<...#
...........#
...........#
........#..#
#########....
..##.. #.## .#.
#. #


You could see Terence.

Vanquished Creatures
  A dart slug (D:1)
  5 ball pythons
  3 bats (D:1)
  2 endoplasms
  2 goblins (D:1)
  4 hobgoblins (D:1)
  A kobold (D:1)
  A quokka (D:1)
  A frilled lizard (D:1)
  3 rats (D:1)
23 creatures vanquished.

Vanquished Creatures (others)
  A fungus (D:1)
1 creature vanquished.

Grand Total: 24 creatures vanquished

Notes
Turn   | Place    | Note
-------+----------+-------------------------------------------
     0 | D:1      | plasma188 the Hill Orc Fighter began the quest for the Orb.
     0 | D:1      | Reached XP level 1. HP: 19/19 MP: 1/1
   172 | D:1      | Found a faded altar of an unknown god.
   178 | D:1      | Got Plato's Volume of Transmutation
   184 | D:1      | Reached XP level 2. HP: 27/27 MP: 2/2
   187 | D:1      | Prayed at the altar of an unknown god.
   187 | D:1      | Became a worshipper of Vehumet
   187 | D:1      | Reached * piety under Vehumet
   187 | D:1      | Offered knowledge of Shock by Vehumet.
   711 | D:1      | Reached XP level 3. HP: 33/33 MP: 3/3
   778 | D:2      | Noticed Terence
   789 | D:2      | Slain by Terence

Illustrated notes

Levels and vault maps discovered:
D:1:      dpeg_arrival_tiny_g, layout_basic, shapermc_ecumenical_altar_rom_forum
D:2:      layout_rooms, minmay_divided_ellipse, uniq_robin, uniq_natasha,
          uniq_terence

Action                   || total
-------------------------++-------
Melee: War axe           ||    57
  Use: Potion            ||     1
Armor: Scale mail        ||    44
Dodge: Dodged            ||    31
Block: Buckler           ||    16
